 Dungeon Crawl Stone Soup version 0.30-a0-715-gdb4ae3ece1 (webtiles) character file.

Game seed: 13927410341266162923

9343 Lobster4 the Destroyer (level 11, 0/94 HPs)
             Began as a Black Draconian Conjurer on Jan 24, 2023.
             Was a Priest of Vehumet.
             Slain by a vampire
             ... wielding a +0 falchion
              (13 damage)
             ... on level 10 of the Dungeon.
             The game lasted 00:41:21 (14609 turns).

Lobster4 the Destroyer (Black Draconian Conjurer)  Turns: 14609, Time: 00:41:22

Health: 0/94       AC:  8    Str: 10    XL:     11   Next: 21%
Magic:  6/21       EV: 13    Int: 22    God:    Vehumet [***...]
Gold:   695        SH:  0    Dex: 10    Spells: 8/24 levels left

rFire   + . .      SeeInvis .    a - +3 dagger (speed)
rCold   + . .      Faith    .    (no shield)
rNeg    . . .      Spirit   .    (body armour unavailable)
rPois   .          Reflect  .    (helmet restricted)
rElec   +          Harm     .    m - scarf {rC+ rF+}
rCorr   +          Rampage  .    H - +0 pair of gloves
Will    .....                    (no boots)
Stlth   ++                       (no amulet)
HPRegen 0.35/turn                j - ring of flight
MPRegen 0.17/turn                G - ring of resist corrosion

@: about to teleport, flying
A: breathe lightning, AC +7, unfitting armour, electricity resistance,
cold-blooded
a: Breathe Lightning, Renounce Religion


You were on level 10 of the Dungeon.
You worshipped Vehumet.
Vehumet was most pleased with you.
You visited 2 branches of the dungeon, and saw 11 of its levels.

You collected 695 gold pieces.

Inventory:

Hand Weapons
 a - a +3 dagger of speed (weapon)
 b - a +0 sling
 c - a +3 scimitar
 d - a +5 great sword of freezing
 n - a +1 dagger of venom
 r - a +1 falchion of venom
 s - a +0 rapier
 y - a +1 hand axe of electrocution
 N - a +0 shortbow
Missiles
 g - 2 atropa-tipped darts
 l - 2 curare-tipped darts
 x - 21 poisoned darts (quivered)
 C - 11 javelins
Armour
 m - a scarf of resistance (worn)
 H - a +0 pair of gloves (worn)
Jewellery
 j - a ring of flight (left hand)
 p - a ring of protection from cold
 t - an amulet of guardian spirit
 B - the ring "Yfise" {*Slow rF+ Dex+3 Slay+4}
   (You found it on level 4 of the Dungeon)

   [ring of slaying]

   Dex:       It affects your dexterity (+3).
   Slay:      It affects your accuracy & damage with ranged weapons and melee
   (+4).
   rF:        It protects you from fire.
   *Slow:     It may slow you when you take damage.
 G - a ring of resist corrosion (right hand)
Wands
 w - a wand of digging (5)
 E - a wand of flame (32)
Scrolls
 e - 2 scrolls of magic mapping
 h - 6 scrolls of teleportation
 o - a scroll of fog
 u - 2 scrolls of immolation
 D - a scroll of summoning
Potions
 f - 3 potions of curing
 i - a potion of magic
 q - 4 potions of haste
 v - 3 potions of lignification
 z - 3 potions of brilliance
 L - a potion of cancellation {unknown}
 O - 2 potions of berserk rage {unknown}
 P - a potion of might


   Skills:
 + Level 8.2 Fighting
 + Level 1.8(2.7) Short Blades
 - Level 3.0(3.2) Long Blades
 - Level 1.0 Throwing
 + Level 5.5 Dodging
 - Level 4.0 Stealth
 + Level 7.2 Spellcasting
 + Level 8.6 Conjurations
 + Level 3.3 Fire Magic
 + Level 4.3 Ice Magic
 + Level 7.6 Air Magic


You had 8 spell levels left.
You knew the following spells:

 Your Spells              Type           Power      Damage    Failure   Level
a - Magic Dart            Conj           100%       1d8       1%          1
b - Searing Ray           Conj           90%        2d7       1%          2
c - Swiftness             Air            41%        N/A       1%          3
d - Freeze                Ice            100%       1d10      1%          1
e - Scorch                Fire           44%        2d7       1%          2
f - Frozen Ramparts       Ice            52%        1d8       1%          3
g - Flame Wave            Conj/Fire      34%        2d10      1%          4

Your spell library contained the following spells:

 Spells                   Type           Power      Damage    Failure   Level
 Dazzling Flash           Conj/Hex       52%        N/A       1%          3
 Stone Arrow              Conj/Erth      52%        3d10      1%          3
 Sticky Flame             Conj/Fire      34%        2d5       1%          4
 Ensorcelled Hibernation  Hex/Ice        34%        N/A       4%          2
 Ignite Poison            Fire/Tmut/Pois 12%        N/A       4%          3
 Fulminant Prism          Conj/Hex       13%        3d9       4%          4
 Iskenderun's Mystic Bla  Conj/Tloc      26%        2d7       4%          4
 Irradiate                Conj/Tmut      13%        3d16      11%         5
 Passwall                 Tmut/Erth      5%         N/A       12%         2
 Blade Hands              Tmut           3%         N/A       92%         5
 Dragon Form              Tmut           3%         N/A       100%        7
 Ignition                 Fire           11%        3d5       100%        8
 Lehudib's Crystal Spear  Conj/Erth      13%        10d4      100%        8
 Animate Armour           Summ/Erth      Unusable   N/A       N/A         4

Dungeon Overview and Level Annotations

Branches:
Dungeon (10/15)            Temple (1/1) D:5
   Lair: D:8-11         Orc: D:9-12

Altars:
Ashenzari
Cheibriados
Dithmenos
Elyvilon
Fedhas
Gozag
Hepliaklqana
Kikubaaqudgha
Makhleb
Nemelex Xobeh
Okawaru
Qazlal
Ru
Sif Muna
Trog
Uskayaw
Vehumet
Wu Jian
Zin
The Shining One


Innate Abilities, Weirdness & Mutations

You can breathe wild blasts of lightning.
Your glossy black scales are hard. (AC +7)
You cannot fit into any form of body armour.
You are resistant to electric shocks. (rElec)
You are cold-blooded and may be slowed by cold attacks.


Message History

Casting: Searing Ray (safe; 1% risk of failure)
Confirm with . or Enter, or press ? or * to list all spells.
Aiming: Searing Ray (safe; 1% risk of failure)
Press: ? - help, Shift-Dir - straight line (Press . to maintain the ray.)
Something hits you! Something bites you but does no damage.
The searing ray hits something but does no damage.
Something hits you. Something bites you.
Something draws strength from your injuries!
Something hits you. Something bites you.
Something draws strength from your injuries!
The searing ray hits something but does no damage.
You finish channelling your searing ray.
Something barely misses you. Something bites you but does no damage.
Casting: Searing Ray (safe; 1% risk of failure)
Confirm with . or Enter, or press ? or * to list all spells.
Aiming: Searing Ray (safe; 1% risk of failure)
Press: ? - help, Shift-Dir - straight line (Press . to maintain the ray.)
Something hits you! Something bites you!
* * * LOW HITPOINT WARNING * * *
Something draws strength from your injuries!
The searing ray hits something.
Something hits you!
* * * LOW HITPOINT WARNING * * *
Something bites you.
* * * LOW HITPOINT WARNING * * *
Something draws strength from your injuries!
The searing ray hits something.
Something hits you!
* * * LOW HITPOINT WARNING * * *
Something barely misses you.
Okay, then.
You feel much better. Something barely misses you. Something bites you!
* * * LOW HITPOINT WARNING * * *
Something draws strength from your injuries!
As you read the scroll of teleportation, it crumbles to dust.
You feel strangely unstable. Something hits you!
* * * LOW HITPOINT WARNING * * *
Something bites you but does no damage.
You feel better. Something hits you!
You die...

.......###.######
....#...........###..
####................##
#...................
#.............#..#..
#...^...............
#...........#......#
#...................
#...........@{......
##..........#......#
##.....#...........
#######.....#..#..
##..........
#####....#. ##....
####


There were no monsters in sight!

Vanquished Creatures
  A cyclops (D:9)
  Joseph (D:9)
  2 unseen horror zombies (D:9)
  A troll (D:10)
  3 hornets
  Grinder (D:4)
  A slime creature (D:7)
  9 yaks
  3 wyverns
  3 steam dragons
  Menkaure (D:4)
  2 water moccasins
  Duvessa (D:4)
  2 orc warriors (D:8)
  2 black bears
  A sky beast (D:7)
  2 ogres (D:5)
  4 centaurs
  4 phantoms
  2 kobold brigands
  4 bullfrogs
  3 scorpions
  13 wights
  Dowan (D:4)
  8 killer bees
  A howler monkey (D:9)
  11 electric eels
  2 centaur zombies (D:9)
  3 jellies
  8 orc priests
  4 hounds (D:6)
  4 iguanas
  Natasha (thrice) (D:4)
  5 orc wizards
  7 gnolls
  3 adders
  A white imp (D:5)
  2 worms (D:2)
  2 dart slugs
  42 orcs
  5 ball pythons
  7 bats
  8 endoplasms
  4 giant cockroaches
  10 hobgoblins
  12 kobolds
  2 quokkas
  11 frilled lizards
  7 goblins
  8 rats
247 creatures vanquished.

Vanquished Creatures (others)
  2 fungi (D:1)
  18 plants
  9 withered plants (D:9)
29 creatures vanquished.

Grand Total: 276 creatures vanquished

Notes
Turn   | Place    | Note
-------+----------+-------------------------------------------
     0 | D:1      | Lobster4 the Draconian Conjurer began the quest for the
                  | Orb.
     0 | D:1      | Reached XP level 1. HP: 14/14 MP: 3/3
   132 | D:1      | Reached XP level 2. HP: 12/22 MP: 5/5
   206 | D:1      | Learned a level 2 spell: Searing Ray
   909 | D:2      | Reached skill level 1 in Fighting
   964 | D:2      | Found a glowing silver altar of Zin.
  1016 | D:2      | Reached XP level 3. HP: 28/28 MP: 0/6
  2242 | D:3      | Reached XP level 4. HP: 12/35 MP: 0/7
  2467 | D:3      | Found a faded altar of an unknown god.
  2710 | D:3      | Reached skill level 1 in Throwing
  2871 | D:3      | Reached XP level 5. HP: 41/41 MP: 4/9
  2968 | D:3      | Found a broken altar of Ashenzari.
  2968 | D:3      | Found a shadowy altar of Dithmenos.
  2970 | D:3      | Found an ancient bone altar of Kikubaaqudgha.
  3665 | D:3      | Found an ornate altar of the Wu Jian Council.
  3898 | D:4      | Reached skill level 1 in Long Blades
  4126 | D:4      | Reached XP level 6. HP: 47/50 MP: 0/10
  4224 | D:4      | Noticed Menkaure
  4230 | D:4      | Killed Menkaure
  4302 | D:4      | Reached skill level 5 in Conjurations
  4400 | D:4      | Identified the ring "Yfise" {*Slow rF+ Dex+3 Slay+4}
  4446 | D:4      | Noticed Natasha
  4451 | D:4      | Killed Natasha
  4506 | D:4      | Noticed Natasha
  4510 | D:4      | Killed Natasha
  4511 | D:4      | Your scales start taking on a glossy black colour.
  4511 | D:4      | Reached XP level 7. HP: 57/57 MP: 6/12
  4511 | D:4      | Gained mutation: You are resistant to electric shocks.
                  | (rElec) [Black Draconian growth]
  4657 | D:4      | Noticed Grinder
  4659 | D:4      | Noticed Dowan
  4739 | D:4      | Noticed Natasha
  4745 | D:4      | Noticed Duvessa
  4748 | D:4      | Killed Natasha
  4823 | D:5      | Entered Level 5 of the Dungeon
  4826 | D:5      | Found a staircase to the Ecumenical Temple.
  4835 | Temple   | Entered the Ecumenical Temple
  4937 | Temple   | Became a worshipper of Vehumet
  5078 | D:5      | Reached skill level 1 in Air Magic
  5175 | D:5      | Learned a level 3 spell: Swiftness
  5199 | D:5      | Found a burning altar of Makhleb.
  5930 | D:5      | Reached XP level 8. HP: 66/66 MP: 1/13
  7525 | D:6      | Reached * piety under Vehumet
  7525 | D:6      | Offered knowledge of Freeze by Vehumet.
  7631 | D:6      | Found a sparkling altar of Nemelex Xobeh.
  8026 | D:7      | Reached skill level 5 in Fighting
  8384 | D:7      | Reached XP level 9. HP: 74/74 MP: 10/16
  8400 | D:7      | Reached skill level 5 in Spellcasting
  8563 | D:7      | Reached skill level 5 in Dodging
  8975 | D:7      | Reached skill level 5 in Air Magic
  9744 | D:8      | Learned a level 1 spell: Freeze
  9904 | D:8      | Reached ** piety under Vehumet
  9904 | D:8      | Offered knowledge of Scorch by Vehumet.
  9905 | D:8      | Reached skill level 1 in Ice Magic
  9908 | D:8      | Learned a level 2 spell: Scorch
 10103 | D:8      | Reached skill level 1 in Fire Magic
 10369 | D:8      | Reached XP level 10. HP: 81/84 MP: 11/19
 10874 | D:4      | Paralysed by Grinder for 5 turns
 11052 | D:4      | Paralysed by Grinder for 4 turns
 11056 | D:4      | Killed Grinder
 11126 | D:4      | You are sucked into a shaft and drop 3 floors!
 11265 | D:4      | Killed Duvessa
 11266 | D:4      | Killed Dowan
 11957 | D:8      | Offered knowledge of Frozen Ramparts by Vehumet.
 11962 | D:8      | Learned a level 3 spell: Frozen Ramparts
 12247 | D:9      | Paralysed by a hornet for 2 turns
 12780 | D:9      | Reached *** piety under Vehumet
 13022 | D:9      | Noticed a cyclops
 13205 | D:9      | Killed a cyclops
 13551 | D:9      | Reached skill level 1 in Short Blades
 13551 | D:9      | Reached XP level 11. HP: 94/94 MP: 17/21
 13634 | D:9      | Offered knowledge of Flame Wave by Vehumet.
 13646 | D:9      | Learned a level 4 spell: Flame Wave
 14156 | D:9      | Noticed Joseph
 14187 | D:9      | Killed Joseph
 14353 | D:10     | Entered Level 10 of the Dungeon
 14608 | D:10     | HP: 4/94 [something (9)]
 14609 | D:10     | Slain by a vampire

Illustrated notes

Levels and vault maps discovered:
D:1:      dpeg_arrival_refuge, layout_loops_ring, dreamdust_mushroom_princess
D:2:      minmay_chambers_of_ones, layout_basic, basic_altar,
          minmay_splitting_lines, hex_medium, grunt_ministairs_1,
          minmay_lizard_king
D:3:      layout_basic, gammafunk_temple_overflow_forgotten,
          nzn_wu_jian_council_hall, ebering_ecumenical_altar_mist,
          minmay_surrounded
D:4:      layout_rooms, kennysheep_generic_room_11, uniq_grinder, uniq_menkaure,
          uniq_natasha, uniq_duvessa
D:5:      kb_forest_paths, layout_loops_ring, nicolae_overflow_crystal_walls,
          temple_pool_b
D:6:      layout_rooms, nemelex_xobeh_ov_fountains_minmay
D:7:      cheibrodos_two_vegetables, layout_cave_pools
D:8:      layout_rooms
D:9:      layout_irregular_city, serial_undead, serial_undead_b,
          serial_undead_f, serial_undead_e, serial_undead_b, chequers_big_river,
          uniq_joseph
D:10:     layout_rooms, led_xom_imps, lemuel_zombie_altar_yredelemnul,
          minmay_misc_feat_plants, worms_lemuel
Temple:   nicolae_temple_superstar

Skill      XL: |  1  2  3  4  5  6  7  8  9 10 11 |
---------------+----------------------------------+-----
Stealth        | 2 3 4 |  4.0
Dodging        | 2 3 4 5 |  5.5
Fighting       | 1 2 3 5 6 7 8 |  8.2
Throwing       | 1 |  1.0
Long Blades    | 1 2 3 |  3.0
Spellcasting   | 3 4 6 7 |  7.2
Conjurations   | 5 6 7 8 |  8.6
Air Magic      | 2 4 5 7 |  7.6
Ice Magic      | 1 4 |  4.3
Fire Magic     | 1 3 |  3.3
Short Blades   | 1 |  1.8

Action                     |  1- 3 |  4- 6 |  7- 9 | 10-12 || total
---------------------------+-------+-------+-------+-------++-------
  Melee: Hand axe          |    60 |       |       |       ||    60
         Tailslap          |    10 |     2 |     4 |     4 ||    20
         Dagger            |    50 |    24 |     8 |    13 ||    95
         Falchion          |       |       |     3 |       ||     3
  Throw: Dart              |       |       |    17 |     8 ||    25
   Cast: Magic Dart        |    32 |    63 |   123 |   116 ||   334
         Searing Ray       |     6 |    17 |    75 |    61 ||   159
         Freeze            |       |       |       |     7 ||     7
         Scorch            |       |       |       |     1 ||     1
         Frozen Ramparts   |       |       |       |     3 ||     3
    Use: Potion            |     2 |       |       |     6 ||     8
         Scroll            |       |     1 |    12 |     8 ||    21
   Stab: Sleeping          |     2 |     1 |       |     1 ||     4
 Armour: Skin              |    50 |    10 |    44 |    51 ||   155
  Dodge: Dodged            |    58 |    19 |    92 |    91 ||   260

Table legend: (Time is in decaauts)
 A = Elapsed time spent in this place.
 B = Non-inter-level travel time spent in this place.
 C = Inter-level travel time spent in this place.
 D = Time resting spent in this place.
 E = Time spent auto-exploring this place.
 F = Levels seen in this place.
 G = Mean time per level.
                   A        B        C        D        E       F      G
               +--------+--------+--------+--------+--------+-----+--------+
         Total |  14654 |  13838 |    816 |   3745 |   7887 |  11 | 1332.2 |
       Dungeon |  14532 |  13734 |    798 |   3745 |   7815 |  10 | 1453.2 |
        Temple |    121 |    103 |     18 |      0 |     72 |   1 |  121.0 |
               +--------+--------+--------+--------+--------+-----+--------+

Top non-repeatable levels by time:
     D:5: 2261 daAuts
     D:3: 2052 daAuts
     D:8: 1955 daAuts
     D:9: 1855 daAuts
     D:7: 1490 daAuts
     D:4: 1384 daAuts
     D:2: 1196 daAuts
     D:6: 1176 daAuts
     D:1: 904 daAuts
    D:10: 255 daAuts
  Temple: 121 daAuts
